 Dungeon Crawl Stone Soup version 0.29-a0-582-ge82337ba6a (webtiles) character file.

Game seed: 3192369646802477997

508 Crownlay the Chiller (level 7, -13/76 HPs)
             Began as a Gnoll Ice Elementalist on June 14, 2022.
             Mangled by Pikel
             ... wielding a +0 whip of electrocution
              (19 damage)
             ... on level 4 of the Dungeon.
             The game lasted 00:07:31 (4016 turns).

Crownlay the Chiller (Gnoll Ice Elementalist)       Turns: 4016, Time: 00:07:32

Health: -13/76     AC: 30    Str:  8    XL:     7   Next: 18%
Magic:  8/15       EV:  2    Int: 16    God:
Gold:   176        SH:  0    Dex: 12    Spells: 10/17 levels left

rFire   . . .      SeeInvis .   l - +2 short sword (drain)
rCold   . . .      Faith    .   (no shield)
rNeg    + . .      Spirit   .   (body armour currently unavailable)
rPois   +          Reflect  .   (helmet currently unavailable)
rElec   .          Harm     .   (cloak currently unavailable)
rCorr   .          Rampage  .   (gloves currently unavailable)
Will    .....      NoTele   +   (boots currently unavailable)
Stlth   +++.......              (no amulet)
HPRegen 0.22/turn               m - ring of positive energy
MPRegen 0.14/turn               (no ring)

@: ice-armoured, tree-form, freezing walls
A: stationary, stasis, torment immunity, boosted hp, (fangs 1), strong nose,
distributed training
a: no special abilities


You were on level 4 of the Dungeon.
You were a tree.
You visited 1 branch of the dungeon, and saw 4 of its levels.

You collected 176 gold pieces.

Inventory:

Hand Weapons
 l - a +2 short sword of draining (weapon)
Armour
 a - a +0 robe (melded)
 e - a +0 pair of boots (melded)
Jewellery
 m - a ring of positive energy (left branch)
 n - a ring of ice
Wands
 v - a wand of paralysis (7)
Scrolls
 c - 2 scrolls of identify
 d - a scroll of magic mapping
 f - 3 scrolls of fear
 h - a scroll of amnesia
 k - a scroll of noise {unknown}
 o - a scroll of enchant weapon {unknown}
 r - a scroll of enchant armour {unknown}
Potions
 b - a potion of magic
 g - a potion of attraction
 i - a potion of flight {unknown}
 j - 2 potions of resistance
 p - a potion of berserk rage {unknown}
 q - a potion of lignification
 s - a potion of cancellation {unknown}
 t - a potion of brilliance {unknown}
 u - a potion of mutation {unknown}


   Skills:
 + Level 2.3 Fighting
 + Level 2.3 Short Blades
 + Level 2.3 Long Blades
 + Level 2.3 Axes
 + Level 2.3 Maces & Flails
 + Level 2.3 Polearms
 + Level 2.3 Staves
 + Level 2.3 Slings
 + Level 2.3 Bows
 + Level 2.3 Crossbows
 + Level 2.3 Throwing
 + Level 2.3 Armour
 + Level 5.1 Dodging
 + Level 4.8 Stealth
 + Level 2.3 Shields
 + Level 2.3 Unarmed Combat
 + Level 5.5 Spellcasting
 + Level 1.9 Conjurations
 + Level 1.9 Hexes
 + Level 1.9 Summonings
 + Level 1.9 Necromancy
 + Level 1.9 Translocations
 + Level 1.9 Transmutations
 + Level 1.9 Fire Magic
 + Level 7.4 Ice Magic
 + Level 1.9 Air Magic
 + Level 1.9 Earth Magic
 + Level 1.9 Poison Magic
 + Level 2.5 Invocations
 + Level 2.3 Evocations


You had 10 spell levels left.
You knew the following spells:

 Your Spells              Type           Power      Damage    Failure   Level
a - Freeze                Ice            100%       1d11      1%          1
b - Frozen Ramparts       Ice            56%        1d7       1%          3
c - Ozocubu's Armour      Ice            28%        N/A       1%          3

Your spell library contained the following spells:

 Spells                   Type           Power      Damage    Failure   Level
 Poisonous Vapours        Pois/Air       20%        N/A       10%         2
 Hailstorm                Conj/Ice       19%        3d6       22%         4
 Corpse Rot               Necr/Pois/Air  10%        N/A       54%         4


Dungeon Overview and Level Annotations

Branches:
Dungeon (4/15)
 Temple: D:4-7

Altars:

Shops:
D:2 (

Annotations:
D:4 Pikel


Innate Abilities, Weirdness & Mutations

You are a tree.
Your roots penetrate the ground, keeping you stationary.
You cannot be teleported.
You are immune to unholy pain and torment.
Your maximum health is greatly increased.
Your equipment is partially melded.
((You have very sharp teeth.))
Your uncanny sense of smell can sniff out nearby items.
Your experience applies equally to all skills.


Message History

Okay, then.
It was a potion of lignification.
You turn into a tree.
Your +0 pair of boots melds into your body.
Your +0 robe melds into your body.
Your roots penetrate the ground.
Pikel hits you with a +0 whip of electrocution.
* * * LOW HITPOINT WARNING * * *
Casting: Frozen Ramparts (mildly dangerous; 2% risk of failure)
Confirm with . or Enter, or press ? or * to list all spells.
Casting: Frozen Ramparts (mildly dangerous; 2% risk of failure)
Press: ? - help, Dir - look around, f - activate The walls around you are covered in ice.
The wall freezes the scorpion.
You kill the scorpion!
The wall freezes the lemure.
Pikel resists.
The wall freezes Pikel.
Pikel hits you but does no damage.
The wall freezes the lemure.
You closely miss Pikel.
Pikel is moderately wounded.
The wall freezes the lemure. x2
You kill the lemure!
That felt strangely unrewarding.
Pikel completely resists.
The wall freezes Pikel but does no damage.
Pikel hits you but does no damage.
You barely miss Pikel.
Pikel is moderately wounded.
Pikel resists.
The wall freezes Pikel.
Pikel hits you with a +0 whip of electrocution.
* * * LOW HITPOINT WARNING * * *
The wall freezes the lemure! x2
Okay, then.
You closely miss Pikel.
Pikel is moderately wounded.
Pikel resists.
The wall freezes Pikel.
Pikel hits you but does no damage.
The wall freezes the lemure.
You kill the lemure!
That felt strangely unrewarding.
The wall freezes the lemure.
You barely miss Pikel.
Pikel is heavily wounded.
The wall freezes the lemure.
Pikel resists.
The wall freezes Pikel.
Pikel hits you but does no damage.
You are electrocuted!!
You die...

..# #..# #..#
#.$ #.##########
####..#........
...........#
#......
########..[...#
#......
.....5K♣......#
#......
......###.....#
#...... .....
#.....# ##......
.....5.# #.....#
#.......
#......# ##.####
#.......
#...5..# #....#
#.......
#......#
#....####.......
#......#
#.......'.......
#..(...#
#....####.......


You could see Pikel and a lemure.

Vanquished Creatures
  Menkaure (D:4)
  3 lemures (D:4)
  A scorpion (D:4)
  2 hounds
  Ijyb (D:4)
  2 iguanas
  An orc wizard (D:3)
  An adder (D:3)
  8 gnolls
  2 worms (D:2)
  3 dart slugs
  5 orcs
  6 ball pythons
  9 endoplasms
  2 giant cockroaches
  7 goblins
  6 hobgoblins
  3 jackals (D:3)
  2 kobolds
  2 quokkas
  3 bats
  4 frilled lizards
  3 rats
77 creatures vanquished.

Notes
Turn   | Place    | Note
-------+----------+-------------------------------------------
     0 | D:1      | Crownlay the Gnoll Ice Elementalist began the quest for the
                  | Orb.
     0 | D:1      | Reached XP level 1. HP: 13/13 MP: 6/6
   144 | D:1      | Found a faded altar of an unknown god.
   158 | D:1      | Reached XP level 2. HP: 19/19 MP: 5/7
   874 | D:2      | Reached XP level 3. HP: 14/25 MP: 3/9
   991 | D:2      | Reached skill level 5 in Spellcasting
  1053 | D:2      | Learned a level 3 spell: Frozen Ramparts
  1064 | D:2      | Learned a level 3 spell: Ozocubu's Armour
  1158 | D:2      | Reached skill level 1 in Invocations
  1221 | D:2      | Found Meoxel's Weapon Shoppe.
  1447 | D:2      | Reached skill level 1 in Fighting
  1447 | D:2      | Reached skill level 1 in Short Blades
  1447 | D:2      | Reached skill level 1 in Long Blades
  1447 | D:2      | Reached skill level 1 in Axes
  1447 | D:2      | Reached skill level 1 in Maces & Flails
  1447 | D:2      | Reached skill level 1 in Polearms
  1447 | D:2      | Reached skill level 1 in Staves
  1447 | D:2      | Reached skill level 1 in Slings
  1447 | D:2      | Reached skill level 1 in Bows
  1447 | D:2      | Reached skill level 1 in Crossbows
  1447 | D:2      | Reached skill level 1 in Throwing
  1447 | D:2      | Reached skill level 1 in Armour
  1447 | D:2      | Reached skill level 1 in Shields
  1447 | D:2      | Reached skill level 1 in Unarmed Combat
  1447 | D:2      | Reached skill level 1 in Evocations
  1447 | D:2      | Reached XP level 4. HP: 16/32 MP: 6/11
  2223 | D:3      | Reached skill level 1 in Conjurations
  2223 | D:3      | Reached skill level 1 in Hexes
  2223 | D:3      | Reached skill level 1 in Summonings
  2223 | D:3      | Reached skill level 1 in Necromancy
  2223 | D:3      | Reached skill level 1 in Translocations
  2223 | D:3      | Reached skill level 1 in Transmutations
  2223 | D:3      | Reached skill level 1 in Fire Magic
  2223 | D:3      | Reached skill level 1 in Air Magic
  2223 | D:3      | Reached skill level 1 in Earth Magic
  2223 | D:3      | Reached skill level 1 in Poison Magic
  2385 | D:3      | Reached XP level 5. HP: 37/37 MP: 10/12
  3402 | D:4      | Reached XP level 6. HP: 36/44 MP: 6/13
  3572 | D:4      | Reached skill level 5 in Dodging
  3775 | D:4      | Noticed Ijyb
  3785 | D:4      | Noticed Menkaure
  3786 | D:4      | Killed Ijyb
  3795 | D:4      | Killed Menkaure
  3796 | D:4      | Reached XP level 7. HP: 43/50 MP: 3/15
  3996 | D:4      | Identified the +1 robe "Nagiut" {Rampage rF+ Int+4}
  3999 | D:4      | Noticed Pikel
  4016 | D:4      | Mangled by Pikel

Illustrated notes

Levels and vault maps discovered:
D:1:      lemuel_arrival_rhombus, layout_loops_ring,
          shapermc_ecumenical_altar_mp_ritualfount, minmay_misc_feat_hallway
D:2:      layout_basic, serial_shops, shop
D:3:      layout_basic, amcnicky_mini_corridor_feature, hex_intersection,
          hex_large, minivault_11, nicolae_figureground_pulse
D:4:      minmay_diamond_boxcup, layout_basic, hangedman_abyss_or_decor_stagger,
          uniq_ijyb, uniq_pikel, uniq_menkaure

Skill      XL: |  1  2  3  4  5  6 |
---------------+-------------------+-----
Spellcasting   | 5 |  5.5
Invocations    | 1 2 |  2.5
Fighting       | 1 2 |  2.3
Short Blades   | 1 2 |  2.3
Long Blades    | 1 2 |  2.3
Axes           | 1 2 |  2.3
Maces & Flails | 1 2 |  2.3
Polearms       | 1 2 |  2.3
Staves         | 1 2 |  2.3
Slings         | 1 2 |  2.3
Bows           | 1 2 |  2.3
Crossbows      | 1 2 |  2.3
Throwing       | 1 2 |  2.3
Armour         | 1 2 |  2.3
Shields        | 1 2 |  2.3
Unarmed Combat | 1 2 |  2.3
Evocations     | 1 2 |  2.3
Conjurations   | 1 |  1.9
Hexes          | 1 |  1.9
Summonings     | 1 |  1.9
Necromancy     | 1 |  1.9
Translocations | 1 |  1.9
Transmutations | 1 |  1.9
Fire Magic     | 1 |  1.9
Air Magic      | 1 |  1.9
Earth Magic    | 1 |  1.9
Poison Magic   | 1 |  1.9
Dodging        | 5 |  5.1
Stealth        | |  4.8
Ice Magic      | |  7.4

Action                   |  1- 3 |  4- 6 |  7- 9 || total
-------------------------+-------+-------+-------++-------
Melee: Unarmed           |     2 |       |       ||     2
       Bite              |     2 |     5 |     2 ||     9
       Dagger            |     9 |       |       ||     9
       Short sword       |     4 |    56 |    13 ||    73
 Cast: Freeze            |    34 |    11 |       ||    45
       Frozen Ramparts   |     2 |    14 |     2 ||    18
       Ozocubu's Armour  |     1 |     8 |     1 ||    10
  Use: Scroll            |     2 |     3 |       ||     5
       Potion            |       |       |     1 ||     1
 Stab: Sleeping          |       |       |     1 ||     1
Armor: Robe              |     6 |    16 |     1 ||    23
       Skin              |       |       |     4 ||     4
Dodge: Dodged            |    18 |    44 |     3 ||    65

Table legend: (Time is in decaauts)
 A = Elapsed time spent in this place.
 B = Non-inter-level travel time spent in this place.
 C = Inter-level travel time spent in this place.
 D = Time resting spent in this place.
 E = Time spent auto-exploring this place.
 F = Levels seen in this place.
 G = Mean time per level.
                   A        B        C        D        E       F      G
               +--------+--------+--------+--------+--------+-----+--------+
         Total |   4014 |   3908 |    106 |      0 |   3360 |   4 | 1003.5 |
       Dungeon |   4014 |   3908 |    106 |      0 |   3360 |   4 | 1003.5 |
               +--------+--------+--------+--------+--------+-----+--------+

Top non-repeatable levels by time:
     D:2: 1347 daAuts
     D:3: 1137 daAuts
     D:1: 859 daAuts
     D:4: 669 daAuts
